AoeStats
← Iguano Pop

Black Forest

506995773Analyzed
2v2 RM · 16d ago on Sep 16, 2026· 71m 54s· 4 players
Game mode
Random Map
Map size
Medium (4 player)
Population
200
Speed
Normal
Resources
Standard
Victory
Conquest
Starting age
Dark Age
Ending age
Imperial Age
RankedLock teamsTeams togetherTeam positionsShared explorationLock speedFull tech treeHidden civsTurbo modeCheats
Victory
Defeat
🇲🇽 Britons · Mexico
1286
+14
🇺🇸 Teutons · United States
1224
+16
🇳🇿 Persians · New Zealand
1262
-16
🇨🇳 Italians · China
1212
-14
[MAD1] hillstead
1:27 Loom
11:58 Feudal Age
13:27 Double-Bit Axe
15:52 Forging
16:49 Wheelbarrow
17:11 Scale Barding Armor
23:45 Castle Age
22:24 Horse Collar
22:36 Gold Mining
22:42 Fletching
22:52 Padded Archer Armor
23:17 Bloodlines
24:08 Bodkin Arrow
25:08 Gold Shaft Mining
24:18 Crossbowman
28:25 Bow Saw
35:35 Imperial Age
34:53 Iron Casting
36:26 Stone Mining
38:23 Kamandaran
39:00 Hand Cart
39:40 Chain Barding Armor
43:48 Thumb Ring
45:55 Elite Skirmisher
47:24 Ballistics
47:37 Leather Archer Armor
47:57 Plate Barding Armor
48:23 Blast Furnace
285066173
4:34 Loom
14:38 Feudal Age
20:04 Castle Age
19:39 Double-Bit Axe
19:57 Horse Collar
20:39 Stone Mining
24:44 Fletching
34:55 Imperial Age
34:00 Bodkin Arrow
34:06 Padded Archer Armor
38:00 Conscription
37:48 Bracer
42:50 Chemistry
42:10 Ballistics
42:17 Elite Genoese Crossbowman
49:13 Squires
ׅ
0:49 Loom
12:31 Feudal Age
13:04 Double-Bit Axe
19:04 Horse Collar
20:22 Forging
21:42 Scale Mail Armor
29:36 Castle Age
27:26 Arson
28:17 Stone Mining
29:38 Pikeman
30:20 Squires
30:59 Stone Shaft Mining
32:03 Fortified Wall
33:32 Gold Mining
35:22 Masonry
39:53 Imperial Age
37:41 Bow Saw
40:10 Iron Casting
39:51 Chain Mail Armor
42:04 Two-Man Saw
42:06 Blast Furnace
40:47 Onager
42:56 Chemistry
42:42 Plate Mail Armor
43:52 Wheelbarrow
48:21 Conscription
47:36 Elite Teutonic Knight
53:12 Fletching
54:05 Bodkin Arrow
61:11 Hoardings
62:20 Ironclad
Iguano Pop
3:53 Loom
14:00 Feudal Age
21:31 Castle Age
19:25 Horse Collar
19:31 Double-Bit Axe
19:39 Gold Mining
20:57 Fletching
22:22 Bodkin Arrow
23:31 Bow Saw
23:25 Town Watch
23:14 Crossbowman
23:21 Crossbowman
27:35 Wheelbarrow
28:39 Heavy Plow
30:01 Ballistics
31:24 Padded Archer Armor
32:57 Hand Cart
32:40 Man-at-Arms
33:54 Scale Mail Armor
34:14 Long Swordsman
38:37 Imperial Age
36:43 Leather Archer Armor
36:26 Pikeman
37:24 Chain Mail Armor
37:47 Squires
37:33 Gambesons
37:34 Arson
38:00 Forging
39:16 Yeomen
39:54 Conscription
40:26 Gold Shaft Mining
42:10 Arbalester
42:52 Bracer
44:34 Chemistry
47:39 Ring Archer Armor
51:08 Plate Mail Armor
51:57 Halberdier
53:16 Iron Casting
55:57 Guilds
56:34 Town Patrol
57:36 Blast Furnace
56:30 Two-Handed Swordsman
57:38 Fervor
58:06 Onager
59:23 Warwolf
59:59 Hoardings
61:51 Sappers
62:28 Scale Barding Armor
62:32 Siege Engineers
66:18 Masonry
67:19 Stone Mining
68:09 Champion
Connection lost

Rejoining the realm…

Still unreachable

The connection could not be restored.

Session expired

The server has moved on; the page needs a fresh start.